 Dungeon Crawl Stone Soup version 0.29.1-2-gbd0b4ee654 (webtiles) character file.

Game seed: 8559510379912522182

188 GorkyZ the Chopper (level 5, 0/32 HPs)
             Began as a Gargoyle Gladiator on Nov 23, 2022.
             Slain by a quokka (1 damage)
             ... summoned by Eustachio
             ... on level 4 of the Dungeon.
             The game lasted 00:07:03 (3415 turns).

GorkyZ the Chopper (Gargoyle Gladiator)             Turns: 3415, Time: 00:07:04

Health: 0/32       AC:  8    Str: 19    XL:     5   Next: 67%
Magic:  5/5        EV: 13    Int:  9    God:
Gold:   184        SH:  0    Dex: 17    Spells: 4/4 levels left

rFire   . . .      SeeInvis .   a - +0 war axe
rCold   . . .      Faith    .   (no shield)
rNeg    + . .      Spirit   .   b - +0 leather armour
rPois   ∞          Reflect  .   c - +0 helmet
rElec   +          Harm     .   (no cloak)
rCorr   .          Rampage  .   (no gloves)
Will    .....                   (no boots)
Stlth   +.........              (no amulet)
HPRegen 0.10/turn               m - +6 ring of dexterity
MPRegen 0.09/turn               (no ring)

@: no status effects
A: sickness immunity, AC +4, negative energy resistance 1, electricity
resistance, torment resistance 1, petrification resistance
a: no special abilities


You were on level 4 of the Dungeon.
You visited 1 branch of the dungeon, and saw 4 of its levels.

You collected 184 gold pieces.

Inventory:

Hand Weapons
 a - a +0 war axe (weapon)
Missiles
 d - 2 throwing nets (quivered)
 e - a javelin
Armour
 b - a +0 leather armour (worn)
 c - a +0 helmet (worn)
Jewellery
 m - a +6 ring of dexterity (left hand)
 D - a +6 ring of strength
Wands
 t - a wand of paralysis (4)
 y - a wand of iceblast (7)
Scrolls
 f - 3 scrolls of identify {unknown}
 g - 2 scrolls of poison {unknown}
 j - 2 scrolls of magic mapping {unknown}
 o - a scroll of vulnerability {unknown}
 p - 2 scrolls of enchant armour {unknown}
 q - a scroll of immolation {unknown}
 r - a scroll of brand weapon {unknown}
 v - 2 scrolls of fog {unknown}
 x - a scroll of teleportation {unknown}
 z - a scroll of silence {unknown}
 A - a scroll of enchant weapon {unknown}
Potions
 h - a potion of degeneration {unknown}
 i - a potion of attraction {unknown}
 k - 3 potions of curing {unknown}
 l - 2 potions of might {unknown}
 n - a potion of resistance {unknown}
 s - a potion of mutation {unknown}
 u - 2 potions of ambrosia {unknown}
 w - a potion of brilliance {unknown}
 B - a potion of magic {unknown}
 C - a potion of haste {unknown}


   Skills:
 + Level 3.0 Fighting
 + Level 3.2 Axes
 + Level 2.5 Throwing
 + Level 2.0 Armour
 + Level 2.9 Dodging
 + Level 2.0 Shields
 + Level 1.2 Evocations


You had 4 spell levels left.
You didn't know any spells.
Your spell library contained the following spells:

 Spells                   Type           Power      Damage    Failure   Level
 Beastly Appendage        Tmut           0%         N/A       43%         1
 Wereblood                Tmut           0%         N/A       58%         2
 Spider Form              Tmut/Pois      0%         N/A       82%         3


Dungeon Overview and Level Annotations

Branches:
Dungeon (4/15)
 Temple: D:4-7

Altars:

Annotations:
D:4 Eustachio


Innate Abilities, Weirdness & Mutations

You are immune to sickness and miasma.
Your stone body is resilient. (AC +4)
You are immune to poison.
You resist negative energy. (rN+)
You are resistant to electric shocks. (rElec)
You are resistant to unholy torment.
You are immune to petrification.


Message History

Eustachio is severely wounded.
You closely miss the rat. Eustachio hits you with a +0 falchion!
The rat barely misses you. Eustachio hits you with a +0 falchion.
You barely miss Eustachio.
Eustachio is severely wounded.
You hit the rat.
You kill the rat!
The rat's corpse disappears in a puff of smoke!
Eustachio barely misses you.
You hit Eustachio but do no damage.
Eustachio is severely wounded.
Eustachio casts a spell.
You closely miss Eustachio.
Eustachio is severely wounded.
You barely miss the quokka. Eustachio hits you with a +0 falchion!
* * * LOW HITPOINT WARNING * * *
The quokka bites you but does no damage.
Eustachio hits you with a +0 falchion.
* * * LOW HITPOINT WARNING * * *
Throw: 3 throwing nets
Press: ? - help, Q - select action, (/) - cycle Shift-Dir - straight line, f - Eustachio
Aim: Eustachio, wielding a +0 falchion and wearing a +0 leather armour (severely wounded, 51% to hit)
You throw a throwing net.
The throwing net barely misses Eustachio.
The throwing net hits the bat.
The bat is caught in the net!
The bat struggles against the net.
The quokka bites you.
* * * LOW HITPOINT WARNING * * *
The bat struggles against the net.
Eustachio mumbles some strange words.
Eustachio blinks!
D - a +6 ring of strength The bat struggles against the net.
The net rips apart, and the bat comes free!
The quokka bites you but does no damage.
The bat hits you but does no damage.
You're already wearing that ring!
You miss the quokka. You closely miss the bat. The bat barely misses you. x2
The quokka misses you. The bat hits you but does no damage.
The quokka bites you.
You die...

....>##.######..##.#.........
................##.#.###.#.#.
##................ #..##.#
###..########.### ##..<.#
#..# #..### #..# #..#
#..######## .....
#.).......########..##
#...###.....r@bb.@..#
#.......#.########.##
#.#.#####.# #.# .<.#.# #.# #.
####... ... #... #.# #...#
#.# ##.## #.# #.


You could see Eustachio, a quokka (summoned) and 2 bats.

Vanquished Creatures
  Ijyb (D:3)
  Robin (D:2)
  5 adders
  2 worms
  A dart slug (D:1)
  2 orcs (D:3)
  4 ball pythons
  12 bats
  9 endoplasms
  3 giant cockroaches
  11 goblins
  14 hobgoblins
  4 jackals (D:3)
  4 quokkas
  3 frilled lizards
  7 kobolds
  7 rats
90 creatures vanquished.

Notes
Turn   | Place    | Note
-------+----------+-------------------------------------------
     0 | D:1      | GorkyZ the Gargoyle Gladiator began the quest for the Orb.
     0 | D:1      | Reached XP level 1. HP: 12/12 MP: 1/1
   131 | D:1      | Reached XP level 2. HP: 17/17 MP: 2/2
   740 | D:1      | Reached skill level 1 in Armour
   740 | D:1      | Reached XP level 3. HP: 18/22 MP: 3/3
  1359 | D:2      | Reached skill level 1 in Shields
  1573 | D:2      | Reached XP level 4. HP: 27/27 MP: 4/4
  2020 | D:2      | Noticed Robin
  2035 | D:2      | Killed Robin
  2036 | D:2      | Reached skill level 1 in Evocations
  2395 | D:3      | Noticed Ijyb
  2399 | D:3      | Paralysed by Ijyb for 4 turns
  2407 | D:3      | Paralysed by Ijyb for 5 turns
  2414 | D:3      | Paralysed by Ijyb for 4 turns
  2422 | D:3      | Killed Ijyb
  2423 | D:3      | Reached XP level 5. HP: 27/32 MP: 5/5
  3396 | D:4      | Noticed Eustachio
  3413 | D:4      | HP: 1/32 [quokka[Eustachio] (3)]
  3415 | D:4      | Slain by a quokka

Illustrated notes

Levels and vault maps discovered:
D:1:      dpeg_arrival_tiny_d, layout_basic, serial_curves, eino_curves_03,
          eino_curves_02, eino_curves_04
D:2:      layout_basic, uniq_robin
D:3:      wad_river_or_something, layout_basic, uniq_ijyb
D:4:      layout_loops_ring, uniq_menkaure, uniq_eustachio, uniq_duvessa,
          uniq_grinder

Skill      XL: |  1  2  3  4  5 |
---------------+----------------+-----
Throwing       | 2 |  2.5
Armour         | 1 2 |  2.0
Shields        | 1 2 |  2.0
Axes           | 3 |  3.2
Evocations     | 1 |  1.2
Fighting       | 3 |  3.0
Dodging        | |  2.9

Action                   |  1- 3 |  4- 6 || total
-------------------------+-------+-------++-------
Melee: War axe           |    99 |   140 ||   239
Throw: Throwing net      |       |     1 ||     1
 Stab: Sleeping          |     1 |     4 ||     5
Armor: Leather armour    |    52 |    62 ||   114
Dodge: Dodged            |    71 |   110 ||   181
